 Dungeon Crawl Stone Soup version 0.26.1-15-g04117e645d (webtiles) character file.

Game seed: 7435819471299708135

1785 greynaab the Tainter (level 8, -9/41 HPs)
             Began as a Deep Elf Venom Mage on Nov 30, 2022.
             Mangled by a troll (12 damage)
             ... on level 9 of the Dungeon.
             The game lasted 00:27:46 (8501 turns).

greynaab the Tainter (Deep Elf Venom Mage)          Turns: 8501, Time: 00:27:46

Health: -9/41      AC:  5    Str:  5    XL:     8   Next: 81%
Magic:  12/19      EV: 17    Int: 23    God:
Gold:   160        SH:  5    Dex: 15    Spells: 6/19 levels left

rFire    . . .     SeeInvis .   b - +4 spear
rCold    . . .     Faith    .   p - +0 buckler
rNeg     . . .     Spirit   .   y - +2 robe {Will+}
rPois    .         Reflect  .   (no helmet)
rElec    .         Harm     .   w - +0 cloak (curse)
rCorr    .         Rampage  .   (no gloves)
Will     +....                  (no boots)
Stlth    ++........             (no amulet)
HPRegen  0.13/turn              r - ring of flight
MPRegen  0.16/turn              B - +4 ring of evasion

@: about to teleport, very slightly contaminated
A: no striking features
a: Evoke Flight


You were on level 9 of the Dungeon.
You visited 1 branch of the dungeon, and saw 7 of its levels.

You collected 289 gold pieces.
You spent 129 gold pieces at shops.

Inventory:

Hand Weapons
 a - a +1 flail of protection
 b - a +4 spear (weapon)
 d - a +0 whip of electrocution
 H - a +0 lajatang
Missiles
 h - 24 poisoned darts (quivered)
 k - 18 arrows
 A - 7 atropa-tipped darts
Armour
 p - a +0 buckler (worn)
 w - a cursed +0 cloak (worn)
 y - a +2 robe of willpower (worn)
Jewellery
 r - a ring of flight (left hand)
 B - a +4 ring of evasion (right hand)
Wands
 n - a wand of disintegration (4)
 q - a wand of digging (7)
 x - a wand of flame (2)
 F - a wand of paralysis (12)
Scrolls
 c - 4 scrolls of teleportation
 e - a scroll of amnesia
 g - a scroll of enchant armour
 i - 3 scrolls of remove curse
 l - 3 scrolls of immolation
 o - 3 scrolls of enchant weapon
 D - 3 scrolls of magic mapping {unknown}
 E - 2 scrolls of fog
 J - a scroll of identify
Potions
 f - a potion of berserk rage
 j - 3 potions of curing
 s - a potion of haste
 t - a potion of magic {unknown}
 u - a potion of might {unknown}
 v - a potion of resistance
 z - 2 potions of heal wounds {unknown}
 C - a potion of cancellation {unknown}
 G - 2 potions of degeneration {unknown}
 I - 2 potions of invisibility {unknown}


   Skills:
 - Level 2.4 Dodging
 - Level 2.4 Stealth
 - Level 4.0 Shields
 - Level 6.0 Spellcasting
 - Level 1.1 Transmutations
 * Level 10.7 Poison Magic


You had 6 spell levels left.
You knew the following spells:

 Your Spells              Type           Power        Failure   Level
a - Sting                 Tmut/Pois      100%         1%          1
b - Poisonous Vapours     Pois/Air       62%          1%          2
c - Ignite Poison         Fire/Tmut/Pois 25%          4%          3
d - Olgreb's Toxic Radia  Pois           54%          1%          4
e - Mephitic Cloud        Conj/Pois/Air  23%          6%          3

Your spell library contained the following spells:

 Spells                   Type           Power        Failure   Level


Dungeon Overview and Level Annotations

Branches:
Dungeon (9/15)
 Temple: D:4-7         Lair: D:8-11         Orc: D:9-12

Altars:
Hepliaklqana
Nemelex Xobeh
Yredelemnul
Zin

Shops:
D:4 ?[?   D:5 [


Message History

You hear a shout! x2
The troll is engulfed in noxious fumes.
Okay, then.
Okay, then.
Aiming: Paralyse
Press: ? - help, Shift-Dir - straight line, f/p - troll
Aim: a troll (lightly wounded, poisoned, chance to affect: 46%)
Okay, then.
Unknown command.
Unknown command.
Casting: Mephitic Cloud (dangerous; 6% risk of failure)
Confirm with . or Enter, or press ? or * to list all spells.
Okay, then.
As you read the scroll of teleportation, it crumbles to dust.
You feel strangely unstable. The troll bites you!
* * * LOW HITPOINT WARNING * * *
The troll claws you.
* * * LOW HITPOINT WARNING * * *
The troll claws you!
You die...

# $##...... ##. ##.#
...#.... #$# ......
..# .....##### .##
........# # .#
#..##..# ... ##.
##...##!##.....
.#..###.....#T......(
............@#...?...
...>.........###.$...
...........†.# ....
.)..........## ...
.###.#.......# ..
...#..>....# .
.####.......#
##..>..## ##...##


You could see a troll (poisoned).

Vanquished Creatures
  Sigmund (D:3)
  A sky beast (D:6)
  An ice beast (D:5)
  An ogre (D:4)
  2 phantoms
  2 gnoll sergeants (D:5)
  A wyvern skeleton (D:6)
  2 scorpions
  4 hounds
  2 gnoll shamans (D:5)
  2 orc priests
  An iguana (D:4)
  Natasha (thrice) (D:3)
  4 orc wizards
  5 worker ants
  Terence (D:2)
  A hound skeleton (D:9)
  11 gnolls (D:5)
  A howler monkey skeleton (D:5)
  6 adders
  2 oozes
  An adder skeleton (D:6)
  A worm (D:4)
  2 dart slugs
  7 leopard geckos
  19 orcs
  4 ball pythons
  5 giant cockroaches
  3 goblins
  5 hobgoblins
  14 jackals
  4 quokkas
  5 bats
  7 frilled lizards
  4 kobolds
  8 rats
143 creatures vanquished.

Notes
Turn   | Place    | Note
-------+----------+-------------------------------------------
     0 | D:1      | greynaab the Deep Elf Venom Mage began the quest for the
                  | Orb.
     0 | D:1      | Reached XP level 1. HP: 10/10 MP: 6/6
   242 | D:1      | Reached XP level 2. HP: 15/15 MP: 6/8
   245 | D:1      | Learned a level 2 spell: Poisonous Vapours
   296 | D:1      | Found a basalt altar of Yredelemnul.
   654 | D:1      | Reached skill level 4 in Poison Magic
  1478 | D:2      | Reached XP level 3. HP: 19/19 MP: 6/10
  1554 | D:2      | Learned a level 3 spell: Ignite Poison
  1817 | D:2      | Found a faded altar of an unknown god.
  2209 | D:2      | Found a sparkling altar of Nemelex Xobeh.
  2213 | D:2      | Noticed Terence
  2217 | D:2      | Killed Terence
  2218 | D:2      | Reached skill level 5 in Poison Magic
  2218 | D:2      | Reached XP level 4. HP: 24/24 MP: 1/12
  2570 | D:2      | Found a hazy altar of Hepliaklqana.
  2799 | D:3      | Reached XP level 5. HP: 28/28 MP: 0/14
  2927 | D:3      | Learned a level 4 spell: Olgreb's Toxic Radiance
  3103 | D:3      | Noticed Natasha
  3108 | D:3      | Killed Natasha
  3678 | D:3      | Noticed Natasha
  3682 | D:3      | Killed Natasha
  3683 | D:3      | Reached skill level 5 in Spellcasting
  3683 | D:3      | Reached skill level 6 in Poison Magic
  3784 | D:3      | Found a glowing silver altar of Zin.
  3856 | D:3      | Noticed Natasha
  3859 | D:3      | Killed Natasha
  3970 | D:3      | Noticed Sigmund
  3975 | D:3      | Killed Sigmund
  3976 | D:3      | Reached XP level 6. HP: 26/32 MP: 3/16
  4353 | D:3      | Reached skill level 7 in Poison Magic
  4393 | D:3      | Learned a level 3 spell: Mephitic Cloud
  4516 | D:4      | Found Yqolodgh's Magic Scroll Shop.
  4519 | D:4      | Bought a scroll of identify for 28 gold pieces
  4519 | D:4      | Bought a scroll of identify for 28 gold pieces
  4519 | D:4      | Bought a scroll of identify for 28 gold pieces
  4544 | D:4      | Found Taggucrenk's Armour Shop.
  4672 | D:4      | Bought a +0 buckler for 45 gold pieces
  5132 | D:4      | Reached skill level 1 in Shields
  5132 | D:4      | Reached XP level 7. HP: 36/36 MP: 8/18
  5212 | D:4      | Reached skill level 8 in Poison Magic
  5273 | D:4      | Found Bedoyz's Magic Scroll Shop.
  5959 | D:5      | Entered Level 5 of the Dungeon
  6343 | D:5      | Reached skill level 9 in Poison Magic
  6343 | D:5      | Reached XP level 8. HP: 41/41 MP: 19/19
  7396 | D:5      | Reached skill level 10 in Poison Magic
  7515 | D:5      | Found Tohipnojo's Antique Armour Shoppe.
  8349 | D:6      | You fall into a shaft and drop 3 floors!
  8350 | D:9      | Noticed a two-headed ogre
  8473 | D:9      | Noticed a troll
  8501 | D:9      | Mangled by a troll

Illustrated notes

Levels and vault maps discovered:
D:1:      elethiomel_arrival_maze, layout_loops_ring, nrook_mini_vaults,
          minmay_hexomino_r4
D:2:      layout_rooms, nicolae_overflow_crystal_walls,
          nzn_hepliaklqana_mist_gate, chequers_ecumenical_altar_simple,
          kennysheep_decorative_pillar, uniq_terence
D:3:      layout_basic, zin_academy, minmay_cupped, uniq_sigmund, uniq_natasha
D:4:      layout_basic, serial_corexii_hall, chequers_hall_statues_y,
          corexii_hall_statues_t, chequers_hall_statues_corner_a,
          chequers_hall_statues_y, serial_shops, shop,
          nicolae_shop_temple_entry_statues_fountains, nicolae_shop_behind_doors
D:5:      layout_cave_pools, serial_gnoll_camp, gnoll_camp_huts_basic,
          gnoll_camp_mini_hut, gnoll_camp_mini_doghouse, gnoll_camp_mini_shop,
          kennysheep_nondescript, minmay_misc_feat_pillars
D:6:      layout_cave_pods, lemuel_zombie_altar_kikubaaqudgha,
          grunt_temple_overflow_champion_of_chaos, minmay_alternating_orb
D:9:      layout_rooms, lemuel_doored_altar, marbit_many_paths,
          minmay_door_square, david_defended_altar_orc

Skill      XL: |  1  2  3  4  5  6  7  8 |
---------------+-------------------------+-----
Poison Magic   | 4 5 6 7 9 10 | 10.7
Spellcasting   | 4 5 6 |  6.0
Shields        | 1 2 4 |  4.0
Dodging        | |  2.4
Stealth        | |  2.4
Transmutations | |  1.1

Action                   |  1- 3 |  4- 6 |  7- 9 || total
-------------------------+-------+-------+-------++-------
Melee: Unarmed           |     3 |       |       ||     3
       Flail             |       |     7 |    19 ||    26
       Spear             |       |       |    20 ||    20
Throw: Dart              |       |       |    16 ||    16
 Cast: Sting             |    47 |       |       ||    47
       Poisonous Vapours |    23 |    61 |    78 ||   162
       Ignite Poison     |     1 |     7 |    23 ||    31
       Olgreb's Toxic Ra |       |     1 |     9 ||    10
       Mephitic Cloud    |       |       |     3 ||     3
Evoke: Wand              |       |       |    23 ||    23
  Use: Potion            |     2 |       |       ||     2
       Scroll            |       |     9 |     7 ||    16
 Stab: Sleeping          |       |       |     1 ||     1
Armor: Robe              |     8 |     1 |     4 ||    13
Dodge: Dodged            |    32 |     3 |    37 ||    72
Block: Buckler           |       |       |     4 ||     4
